 Dungeon Crawl Stone Soup version 0.19-a0-1608-g4cf22de (webtiles) character file.

76262 Amnesiac the Necromancer (level 15, -2/105 HPs)
             Began as a Mummy Artificer on Sept 17, 2016.
             Was an Initiate of Gozag.
             Killed from afar by a deep elf elementalist (40 damage)
             ... with a fireball
             ... on level 2 of the Elven Halls.
             The game lasted 01:37:15 (32894 turns).

Amnesiac the Necromancer (Mummy Artificer)         Turns: 32894, Time: 01:37:16

Health: -2/105     AC: 14    Str: 15    XL:     15   Next: 12%
Magic:  36/36      EV: 18    Int: 13    God:    Gozag
Gold:   530        SH:  8    Dex: 17    Spells: 5 memorised, 9 levels left

rFire  x . .     SeeInvis .     T - +8 rod of shadows (3/11)
rCold  + . .     Gourm    .     t - +2 robe {Archmagi}
rNeg   + + +     Faith    .     W - +3 buckler
rPois  ∞         Spirit   .     N - +2 hat of the High Council {Archmagi, Wiz- Stlth-}
rElec  .         Dismiss  .     H - +2 cloak {+Inv}
rCorr  .         Reflect  .     i - +2 pair of gloves {archery}
MR     +....     Harm     .     y - +1 pair of boots
Stlth  +.........               q - amulet of magic regeneration
                                k - ring of magical power
                                o - +3 ring of evasion

@: very slightly contaminated
A: no food or potions, fire vulnerability, cold resistance 1, negative energy
resistance 3, torment resistance, unbreathing, in touch with death 1
a: Potion Petition, Call Merchant, Bribe Branch, Renounce Religion, Evoke
Invisibility


You were on level 2 of the Elven Halls.
You worshipped Gozag.
Gozag was pleased with you.
You were not hungry.

You visited 5 branches of the dungeon, and saw 21 of its levels.

You collected 8560 gold pieces.
You spent 4491 gold pieces at shops.
You paid 3539 gold pieces to Gozag.

Inventory:

Hand Weapons
 e - a +1 long sword of electrocution
 A - a +1 short sword of protection
 V - a +0 lajatang of pain
Armour
 i - a +2 pair of gloves of archery (worn)
 t - a +2 robe of the Archmagi (worn)
 y - a +1 pair of boots (worn)
 D - a +0 pair of gloves of strength
 H - a +2 cloak of invisibility (worn)
 I - the +2 ring mail "Yliwko" {+Fly rF+ rC+}
   (You found it on level 3 of the Lair of Beasts)

   It protects you from fire.
   It protects you from cold.
   It lets you fly.
 N - the +2 hat of the High Council (worn) {Archmagi, Wiz- Stlth-}
   (You bought it in a shop on level 9 of the Dungeon)

   It makes you less stealthy.
 Q - the +0 hat of Instinct {+Blink rC+ MR- rCorr}
   (You bought it in a shop on level 2 of the Orcish Mines)

   It protects you from cold.
   It affects your resistance to hostile enchantments.
   It lets you blink.
   It protects you from acid and corrosion.
 W - a +3 buckler (worn)
Magical Staves
 E - an uncursed staff of power
Rods
 T - a +8 rod of shadows (3/11) (in hand)
   (You bought it in a shop on level 8 of the Dungeon)
 U - a +4 lightning rod (10/10)
   (You bought it in a shop on level 8 of the Dungeon)
Jewellery
 b - an uncursed ring of flight
 c - an uncursed amulet of the gourmand {unknown}
 k - a ring of magical power (right hand)
 n - an uncursed ring of resist corrosion
 o - a +3 ring of evasion (left hand)
 p - an uncursed amulet of regeneration
 q - an amulet of magic regeneration (around neck)
 r - an uncursed ring of see invisible
 w - an uncursed amulet of dismissal
 B - an uncursed ring of fire
 G - an uncursed ring of protection from cold
 J - a +3 ring of protection
Wands
 d - a wand of enslavement (0/24)
 x - a wand of confusion (10/48)
 C - a wand of disintegration (11/24)
 F - a wand of disintegration (0/24)
 L - a wand of paralysis (11/24)
 O - a wand of digging (15/24)
Scrolls
 f - 6 scrolls of amnesia
 g - 5 scrolls of enchant weapon
 h - 8 scrolls of remove curse
 m - 8 scrolls of identify
 s - 2 scrolls of blinking
 u - 4 scrolls of fog
 z - 3 scrolls of magic mapping
 P - 3 scrolls of teleportation
Books
 a - a Necronomicon

   Spells                             Type                      Level
   a - Haunt                          Necromancy/Summoning         7
   b - Borgnjor's Revivification      Necromancy                   8
   c - Death's Door                   Charms/Necromancy            8
   d - Infestation                    Necromancy                   8
   e - Necromutation                  Transmutation/Necromancy     8
 j - a book of Clouds

   Spells                             Type                      Level
   a - Mephitic Cloud                 Conjuration/Poison/Air       3
   b - Conjure Flame                  Conjuration/Fire             3
   c - Poisonous Cloud                Conjuration/Poison/Air       6
   d - Freezing Cloud                 Conjuration/Ice/Air          6
   e - Ring of Flames                 Charms/Fire                  7
 l - a book of Death

   Spells                             Type                      Level
   a - Corpse Rot                     Necromancy                   2
   b - Sublimation of Blood           Necromancy                   2
   c - Agony                          Necromancy                   5
   d - Dispel Undead                  Necromancy                   5
   e - Excruciating Wounds            Charms/Necromancy            5
   f - Bolt of Draining               Conjuration/Necromancy       5
 v - a book of the Earth

   Spells                             Type                      Level
   a - Leda's Liquefaction            Hexes/Earth                  4
   b - Bolt of Magma                  Conjuration/Fire/Earth       5
   c - Statue Form                    Transmutation/Earth          6
   d - Iron Shot                      Conjuration/Earth            6
   e - Shatter                        Earth                        9
 K - a book of Flames

   Spells                             Type                      Level
   a - Flame Tongue                   Conjuration/Fire             1
   b - Throw Flame                    Conjuration/Fire             2
   c - Conjure Flame                  Conjuration/Fire             3
   d - Inner Flame                    Hexes/Fire                   3
   e - Sticky Flame                   Conjuration/Fire             4
   f - Fireball                       Conjuration/Fire             5
 S - a book of Dreams

   Spells                             Type                      Level
   a - Ensorcelled Hibernation        Hexes/Ice                    2
   b - Silence                        Hexes/Air                    5
   c - Darkness                       Hexes                        6
   d - Shadow Creatures               Summoning                    6
Miscellaneous
 M - a fan of gales
 R - a sack of spiders


   Skills:
 - Level 5.8 Fighting
 - Level 0.7 Short Blades
 - Level 4.4 Dodging
 - Level 0.7 Stealth
 - Level 4.0 Shields
 - Level 8.0 Spellcasting
 - Level 8.1 Conjurations
 - Level 16.0 Necromancy
 + Level 12.5 Evocations


You had 9 spell levels left.
You knew the following spells:

 Your Spells              Type           Power        Failure   Level  Hunger
c - Dispel Undead         Necr           ########     2%          5    N/A
e - Mephitic Cloud        Conj/Pois/Air  ####....     26%         3    N/A
f - Bolt of Draining      Conj/Necr      #######...   7%          5    N/A
q - Agony                 Necr           ########     2%          5    N/A
s - Conjure Flame         Conj/Fire      #####...     19%         3    N/A

Dungeon Overview and Level Annotations

Branches:
Dungeon (10/15)            Temple (1/1) D:6            Lair (6/6) D:10
  Swamp (0/4) Lair:4        Snake (0/4) Lair:2        Slime (0/5) Lair:5
    Orc (2/2) D:9             Elf (2/3) Orc:2

Altars:
Ashenzari
Cheibriados
Dithmenos
Elyvilon
Fedhas
Gozag
Hepliaklqana
Kikubaaqudgha
Makhleb
Nemelex Xobeh
Okawaru
Qazlal
Ru
Sif Muna
Trog
Uskayaw
Vehumet
Xom
Yredelemnul
Zin
The Shining One
Beogh
Jiyva

Shops:
D:8 }}   D:9 [   Orc:2 =:[*[(   Elf:1 *

Annotations:
D:8 Joseph


Innate Abilities, Weirdness & Mutations

You do not eat or drink.
Your flesh is vulnerable to fire.
You are immune to poison.
Your flesh is cold resistant. (rC+)
You are immune to negative energy. (rN+++)
You are immune to unholy pain and torment.
You can survive without breathing.
You are in touch with the powers of death.


Message History

Unknown command.
Blink to where?
Press: ? - help, Dir - move target cursor There's something in the way.
Okay, then.
Unknown command.
Blink to where?
Press: ? - help, Dir - move target cursor There's something in the way.
Okay, then.
Unknown command.
Blink to where?
Press: ? - help, Dir - move target cursor You are very lightly contaminated with residual magic.
As you read the scroll of blinking, it crumbles to dust.
The earth elemental disappears in a puff of smoke! x2
The deep elf elementalist casts a spell at you.
The fireball explodes!
The fireball engulfs you! The fire burns you terribly!
You die...
Your body crumbles into a pile of gold.

##.###.## #.# ##...## #.#
##.## #.# #####.# #.#
#.....# #.# #.##### #.#
#.# #.# #.# ####.########
#.# #.@.......... #.#
#.###..#####.
#.#######e##.$E##.#..
###........E........#..
###....(..###E.E.E#z###..
#.....<.....#.§(.z..#
#...........#..E(E..#
#........(..#e##....#
#...........#.##z...#


You could see a deep elf elementalist, 2 earth elementals and a deep elf mage.

Vanquished Creatures
  3 orc warlords
  2 fire dragons (Lair:6)
  The ghost of Iwannabefree the Cruncher, a journeyman DESu of Okawaru (Lair:4)
  4 hydras
  2 orc high priests
  5 deep elf knights (Elf:1)
  A fire crab (Lair:4)
  2 orc knights
  A lindwurm (Lair:6)
  7 orc sorcerers
  11 deep elf magi (Elf:1)
  3 elephants (Lair:5)
  5 black mambas
  7 torpor snails (Lair:6)
  19 spiny frogs
  9 rime drakes
  13 komodo dragons
  2 queen bees
  2 polar bears
  3 trolls
  Prince Ribbit (D:6)
  3 meliai (Lair:4)
  5 tyrant leeches
  12 hippogriffs
  7 blink frogs
  26 yaks
  3 wyverns (Lair:6)
  3 steam dragons (Lair:6)
  2 basilisks
  A vampire mosquito (Lair:2)
  Grum (Lair:1)
  4 hungry ghosts
  A mottled dragon (Lair:6)
  Blork the orc (D:6)
  2 nagas (Lair:2)
  8 wargs
  An insubstantial wisp (Lair:2)
  12 water moccasins
  A swamp worm (Lair:4)
  11 porcupines
  50 orc warriors
  An ice beast (D:5)
  3 swamp drakes
  6 wasps (Lair:6)
  9 ogres
  A black bear (D:7)
  3 phantoms
  An eye of draining (D:8)
  2 sky beasts
  2 centaurs
  20 wolves
  23 crocodiles
  2 big kobolds (D:9)
  11 bullfrogs
  A water moccasin skeleton (D:7)
  52 killer bees
  2 troll zombies (D:9)
  7 howler monkeys
  2 electric eels
  2 bullfrog zombies
  4 crimson imps
  2 centaur zombies
  5 hounds
  25 orc priests
  A bullfrog skeleton (D:7)
  2 jellies (D:8)
  A gnoll shaman (D:7)
  Jessica (D:2)
  9 iguanas
  20 orc wizards
  A hell rat (Lair:3)
  5 worker ants
  A killer bee zombie (D:5)
  6 ogre zombies (D:9)
  3 hound skeletons
  A howler monkey zombie (D:7)
  4 gnolls
  3 worker ant zombies
  6 adders
  49 river rats
  2 shadow imps (D:5)
  2 adder skeletons
  3 worms
  4 leopard geckos
  120 orcs
  6 bats
  13 giant cockroaches
  8 goblins
  4 hobgoblins
  8 jackals
  2 quokkas
  A ball python (D:3)
  2 frilled lizards
  A goblin skeleton (D:9)
  4 hobgoblin skeletons (D:9)
  3 hobgoblin zombies (D:9)
  2 jackal zombies
  21 kobolds
  A leopard gecko zombie (D:9)
  4 orc skeletons (D:9)
  13 orc zombies (D:9)
  7 rats
  2 plants
789 creatures vanquished.

Vanquished Creatures (collateral kills)
  2 deep elf sorcerers (Elf:1)
  Azrael (Elf:1)
  6 dancing weapons
  2 wizards (Elf:1)
  5 deep elf magi
  2 air elementals (Elf:1)
  A water elemental (Elf:1)
  6 fire elementals (Elf:1)
  2 hell hounds (Elf:1)
  A boggart (Elf:1)
  An earth elemental (Elf:1)
  A crimson imp (D:7)
  An orc (D:7)
31 creatures vanquished.

Vanquished Creatures (others)
  Agnes (Elf:1)
  A centaur (D:6)
  A bullfrog (D:6)
  An orc priest (D:7)
  An orc wizard (D:7)
  A worker ant (D:7)
  An adder (D:3)
  20 fungi
  12 plants
39 creatures vanquished.

Grand Total: 859 creatures vanquished

Notes
Turn   | Place    | Note
-------+----------+-------------------------------------------
     0 | D:1      | Amnesiac the Mummy Artificer began the quest for the Orb.
     0 | D:1      | Reached XP level 1. HP: 15/15 MP: 2/2
   141 | D:3      | Reached XP level 2. HP: 18/21 MP: 4/4
   760 | D:4      | Noticed an ogre
   799 | D:3      | Reached XP level 3. HP: 23/26 MP: 5/5
   834 | D:3      | Reached XP level 4. HP: 16/32 MP: 7/7
  1351 | D:4      | Killed an ogre
  1351 | D:4      | Reached skill level 5 in Evocations
  1351 | D:4      | Reached XP level 5. HP: 37/37 MP: 8/8
  1404 | D:4      | Found a burning altar of Makhleb.
  1407 | D:4      | Found a radiant altar of Vehumet.
  1410 | D:4      | Found a shadowy altar of Dithmenos.
  1431 | D:4      | Found a sacrificial altar of Ru.
  1528 | D:4      | Noticed a phantom
  1624 | D:4      | Killed a phantom
  1624 | D:4      | Reached XP level 6. HP: 30/43 MP: 8/10
  1794 | D:5      | Entered Level 5 of the Dungeon
  1795 | D:5      | Noticed a sky beast
  1810 | D:5      | Killed a sky beast
  2222 | D:5      | Noticed an ice beast
  2237 | D:5      | Killed an ice beast
  2237 | D:5      | Reached XP level 7. HP: 48/48 MP: 12/12
  2573 | D:5      | Found a shadowy altar of Dithmenos.
  2919 | D:5      | Found a glowing golden altar of the Shining One.
  4047 | D:6      | Noticed Blork the orc
  4142 | D:6      | Killed Blork the orc
  4393 | D:6      | Found a staircase to the Ecumenical Temple.
  4409 | Temple   | Entered the Ecumenical Temple
  4461 | Temple   | Became a worshipper of Gozag Ym Sagoz the Greedy
  4689 | D:1      | Learned a level 5 spell: Bolt of Draining
  5546 | D:2      | Found a deep blue altar of Sif Muna.
  5687 | D:2      | Noticed Jessica
  5701 | D:2      | Killed Jessica
  5800 | D:2      | Found a shimmering altar of Xom.
  5950 | D:3      | Reached XP level 8. HP: 54/54 MP: 14/14
  6294 | D:6      | Reached skill level 1 in Conjurations
  6545 | D:6      | Reached skill level 1 in Necromancy
  6573 | D:6      | Reached skill level 1 in Spellcasting
  6713 | D:6      | Noticed Prince Ribbit
  6879 | D:7      | Reached skill level 2 in Necromancy
  7344 | D:7      | Reached skill level 3 in Necromancy
  7346 | D:7      | Got a scorched chain mail
  7357 | D:7      | Identified the cursed +0 chain mail of Space {rF+ rN+ MP+9 Dex+4} (You found it on level 7 of the Dungeon)
  7406 | D:7      | Learned a level 2 spell: Corpse Rot
  7979 | D:6      | Killed Prince Ribbit
  7979 | D:6      | Reached skill level 4 in Necromancy
  8188 | D:8      | Noticed Joseph
  8224 | D:7      | Reached XP level 9. HP: 52/59 MP: 15/15
  8314 | D:8      | Learned a level 5 spell: Agony
  8332 | D:8      | Noticed a dagger
  8333 | D:8      | Noticed a dagger
  8336 | D:8      | Found a hide-covered altar of Uskayaw.
  8566 | D:8      | Reached skill level 5 in Necromancy
  8770 | D:8      | Reached skill level 6 in Necromancy
  8903 | D:8      | Found a basalt altar of Yredelemnul.
  9157 | D:9      | Reached skill level 7 in Necromancy
  9551 | D:8      | Found a white marble altar of Elyvilon.
  9958 | D:9      | Reached skill level 8 in Necromancy
 10490 | D:8      | Reached skill level 9 in Necromancy
 10592 | D:8      | Reached XP level 10. HP: 61/65 MP: 16/16
 10605 | D:8      | Learned a level 5 spell: Dispel Undead
 11161 | D:9      | Found a staircase to the Orcish Mines.
 11238 | D:9      | Found a blossoming altar of Fedhas.
 11669 | D:9      | Found a sparkling altar of Nemelex Xobeh.
 11754 | D:9      | Bought a runed cloak for 117 gold pieces
 11759 | D:9      | Bought an embroidered cloak for 117 gold pieces
 11777 | D:9      | Bought a pair of glowing gloves for 117 gold pieces
 11782 | D:9      | Bought a pair of glowing gloves for 117 gold pieces
 11825 | Orc:1    | Entered Level 1 of the Orcish Mines
 12069 | Orc:1    | Noticed an orc sorcerer
 12073 | Orc:1    | Killed an orc sorcerer
 12461 | Orc:1    | Noticed an orc knight
 12491 | Orc:1    | Reached skill level 5 in Conjurations
 12705 | Orc:1    | HP: 2/65 [orc priest/divine providence (15)]
 12989 | Orc:1    | Reached skill level 10 in Necromancy
 13244 | Orc:1    | Killed an orc knight
 13466 | Orc:1    | Reached skill level 5 in Spellcasting
 13484 | Orc:1    | Learned a level 3 spell: Mephitic Cloud
 13640 | Orc:1    | Noticed an orc knight
 13683 | Orc:2    | Entered Level 2 of the Orcish Mines
 13856 | Orc:2    | Found a roughly hewn altar of Beogh.
 14129 | Orc:2    | Reached XP level 11. HP: 70/70 MP: 1/19
 14719 | D:10     | Entered Level 10 of the Dungeon
 14719 | D:10     | Found a staircase to the Lair.
 14774 | Lair:1   | Entered Level 1 of the Lair of Beasts
 14774 | Lair:1   | Noticed a six-headed hydra
 14843 | Lair:1   | Noticed Grum
 14922 | Lair:2   | Learned a level 3 spell: Conjure Flame
 14968 | Lair:2   | Found a staircase to the Snake Pit.
 15048 | Lair:2   | HP: 2/70 [water moccasin (6)]
 15645 | Lair:2   | Reached skill level 11 in Necromancy
 16614 | Lair:2   | Reached skill level 12 in Necromancy
 17144 | Lair:1   | Killed a six-headed hydra
 17364 | Lair:1   | Reached XP level 12. HP: 76/76 MP: 10/21
 17405 | Lair:1   | Reached skill level 13 in Necromancy
 17563 | Lair:1   | Killed Grum
 18685 | Lair:3   | Noticed a four-headed hydra
 18786 | Lair:3   | Killed a four-headed hydra
 19702 | Lair:3   | Reached skill level 14 in Necromancy
 19708 | Lair:3   | Got an encrusted ring mail
 19719 | Lair:3   | Identified the +2 ring mail "Yliwko" {+Fly rF+ rC+} (You found it on level 3 of the Lair of Beasts)
 19729 | Lair:3   | Identified a scroll of acquirement
 20622 | Lair:3   | Noticed a seven-headed hydra
 20625 | Lair:3   | Killed a seven-headed hydra
 20625 | Lair:3   | Reached skill level 10 in Evocations
 20791 | Lair:4   | Noticed Iwannabefree's ghost (journeyman DESu)
 20795 | Lair:4   | Killed Iwannabefree's ghost
 20795 | Lair:4   | Gained mutation: You are in touch with the powers of death. [Mummy growth]
 20795 | Lair:4   | Reached XP level 13. HP: 81/81 MP: 25/25
 21257 | Lair:4   | Found a staircase to the Swamp.
 22347 | Lair:5   | Found a staircase to the Slime Pits.
 22348 | Lair:5   | Found a viscous altar of Jiyva.
 23748 | Lair:6   | Entered Level 6 of the Lair of Beasts
 23751 | Lair:6   | Reached skill level 1 in Shields
 24877 | Lair:6   | Noticed a fire dragon
 24912 | Lair:6   | Killed a fire dragon
 25512 | Lair:6   | Found a runed door.
 25595 | Lair:6   | Noticed a fire dragon
 25600 | Lair:6   | Killed a fire dragon
 25600 | Lair:6   | Reached XP level 14. HP: 88/91 MP: 10/26
 26299 | Lair:6   | Reached skill level 5 in Fighting
 26921 | D:9      | Bought the +2 hat of the High Council {Archmagi, Wiz- Stlth-} for 1159 gold pieces
 27027 | Orc:2    | Noticed an orc warlord
 27422 | Orc:1    | Noticed an orc warlord
 27445 | Orc:1    | Killed an orc warlord
 28081 | Orc:1    | Killed an orc warlord
 28741 | Orc:2    | Found a roughly hewn altar of Beogh.
 28741 | Orc:2    | Found Isoepp's Antique Weapon Emporium.
 28745 | Orc:2    | Found Cehopp's Antique Armour Shoppe.
 28759 | Orc:2    | Found Fijeehex's Book Shoppe.
 28773 | Orc:2    | Noticed an orc warlord
 28782 | Orc:2    | Killed an orc warlord
 29299 | Orc:2    | Found a roughly hewn altar of Beogh.
 29360 | Orc:2    | Found a roughly hewn altar of Beogh.
 29422 | Orc:2    | Found Bununem's General Store.
 29592 | Orc:2    | Reached skill level 15 in Necromancy
 29649 | Orc:2    | Found a roughly hewn altar of Beogh.
 29651 | Orc:2    | Found Xuacrius's Jewellery Shoppe.
 29791 | Orc:2    | Bought a dazzling hat for 360 gold pieces
 29801 | Orc:2    | Identified the +0 hat of Instinct {+Blink rC+ MR- rCorr} (You bought it in a shop on level 2 of the Orcish Mines)
 30142 | Orc:2    | Found a roughly hewn altar of Beogh.
 30194 | Orc:2    | Found a staircase to the Elven Halls.
 30355 | Elf:1    | Entered Level 1 of the Elven Halls
 30653 | D:8      | Bought a +8 rod of shadows (11/11) for 1364 gold pieces
 30653 | D:8      | Bought a +4 lightning rod (10/10) for 1140 gold pieces
 31284 | Elf:1    | Noticed a deep elf sorcerer
 31289 | Elf:1    | Killed a deep elf sorcerer
 31359 | Elf:1    | Noticed Azrael
 31364 | Elf:1    | Killed Azrael
 31654 | Elf:1    | Noticed Agnes
 31699 | Elf:1    | Killed Agnes
 31978 | Elf:1    | Noticed a deep elf sorcerer
 31999 | Elf:1    | Killed a deep elf sorcerer
 32050 | Elf:1    | Reached skill level 16 in Necromancy
 32154 | Elf:1    | Reached XP level 15. HP: 51/105 MP: 27/27
 32591 | Elf:1    | Found Keutan's General Store.
 32894 | Elf:2    | Killed from afar by a deep elf elementalist

Vault maps used:
D:1:      kennysheep_arrival_forest
D:2:      lemuel_crystal_altar, xom_teletrap_fun, uniq_jessica
D:3:      corexii_shack
D:4:      grunt_temple_overflow_cloverleaf, first_bread
D:5:      minmay_diamond_boxcup, tso_altar, basic_altar
D:6:      uniq_blork_the_orc, uniq_prince_ribbit1
D:8:      lemuel_crystal_altar, elyvilon_altar_5, dancing_weapons_uskayaw,
          uniq_joseph
D:9:      nemelex_xobeh_ov_fountains_minmay, zombieorc2_lemuel, basic_altar
D:10:     lair_0_dummy
Temple:   eino_wide_crystal_templ
Lair:1:   enter_volcano_2, uniq_grum
Lair:2:   guppyfry_snake_entry_garden, pond, grunt_megastairs_1,
          infiniplex_staircase_pool, lemuel_fruit_fields
Lair:3:   regret_index_bee_streams
Lair:4:   minmay_swamp_entry_worms, special_room, serial_bayou_shore_a
Lair:5:   slime_altar_1, beast_lair_carwin_2
Lair:6:   guppyfry_lair_end_dragon, wormcave, guppyfry_lair_drakes,
          grunt_megastairs_3
Orc:2:    grunt_orc_community_town_hall, grunt_orc_community_big_house_2,
          grunt_orc_community_big_house_1, grunt_orc_community_house_3,
          grunt_orc_community_house_1, grunt_orc_community_house_3,
          grunt_orc_community_house_2, grunt_orc_community_house_3,
          serial_shops, shop
Elf:1:    eino_elf_arrival_shootout, serial_shops, nicolae_shop_statue_plus,
          hangedman_elf_disciples, uniq_azrael, uniq_agnes

Skill      XL: |  1  2  3  4  5  6  7  8  9 10 11 12 13 14 |
---------------+-------------------------------------------+-----
Evocations     | 3 4 5 6 8 9 10 12 | 12.5
Conjurations   | 3 4 5 6 7 8 |  8.1
Necromancy     | 4 9 10 12 14 16 | 16.0
Spellcasting   | 3 5 6 8 |  8.0
Shields        | 4 |  4.0
Dodging        | 4 |  4.4
Fighting       | 2 5 |  5.8
Short Blades   | |  0.7
Stealth        | |  0.7

Action                   |  1- 3 |  4- 6 |  7- 9 | 10-12 | 13-15 || total
-------------------------+-------+-------+-------+-------+-------++-------
Melee: Short sword       |    97 |   166 |  1927 |  1083 |   140 ||  3413
       Staff             |       |       |       |       |    31 ||    31
       Long sword        |       |       |       |       |     3 ||     3
 Cast: Bolt of Draining  |       |       |       |   241 |   479 ||   720
       Agony             |       |       |       |    21 |    12 ||    33
       Mephitic Cloud    |       |       |       |     5 |       ||     5
       Dispel Undead     |       |       |       |     3 |     1 ||     4
       Conjure Flame     |       |       |       |     1 |       ||     1
Invok: Call Merchant     |       |       |     1 |     2 |     1 ||     4
 Abil: Evoke Invisibilit |       |       |       |     2 |       ||     2
Evoke: Wand              |     4 |    31 |    22 |    17 |       ||    74
       Rod               |       |       |       |       |    30 ||    30
  Use: Scroll            |       |       |    15 |     7 |     8 ||    30
 Stab: Sleeping          |     1 |       |     5 |       |       ||     6
       Distracted        |       |       |     4 |     3 |     1 ||     8
       Invisible         |       |       |       |     5 |       ||     5
Armor: Leather armour    |    12 |       |       |       |       ||    12
       Plate armour      |    40 |   181 |   204 |       |       ||   425
       Robe              |       |       |   540 |   488 |    91 ||  1119
Dodge: Dodged            |    30 |    46 |  1298 |  1049 |   219 ||  2642
Block: Buckler           |       |       |       |       |    38 ||    38
